 Dungeon Crawl Stone Soup version 0.24.0-13-gcf9b319 (webtiles) character file.

Game seed: 373030851362713078, levelgen mode: deterministic

3423 Golfball the Covered (level 10, -2/63 HPs)
             Began as a Gargoyle Monk on May 19, 2020.
             Slain by a two-headed ogre
             ... wielding a +0 giant club
              (10 damage)
             ... on level 7 of the Dungeon.
             The game lasted 00:19:37 (6941 turns).

Golfball the Covered (Gargoyle Monk)                Turns: 6941, Time: 00:19:37

Health: -2/63      AC: 15    Str: 18    XL:     10   Next: 5%
Magic:  15/15      EV: 11    Int: 11    God:
Gold:   205        SH:  0    Dex: 12    Spells: 9/9 levels left

rFire    . . .     SeeInvis .   y - +3 dire flail (venom)
rCold    . . .     Gourm    .   (shield currently unavailable)
rNeg     + . .     Faith    .   A - +0 scale mail
rPois    ∞         Spirit   .   (no helmet)
rElec    +         Reflect  .   (no cloak)
rCorr    .         Harm     .   (no gloves)
MR       .....                  (no boots)
Stlth    +.........             (no amulet)
HPRegen  0.20/turn              (no ring)
MPRegen  0.14/turn              (no ring)

@: no status effects
A: negative energy resistance 1, electricity resistance, unbreathing,
petrification resistance, rot immunity, AC +7
a: no special abilities


You were on level 7 of the Dungeon.
You were not hungry.

You visited 1 branch of the dungeon, and saw 7 of its levels.

You collected 205 gold pieces.

Inventory:

Hand Weapons
 a - a +1 flail of protection
 x - a +0 war axe
 y - a +3 dire flail of venom (weapon)
 C - a +0 battleaxe
Missiles
 b - 3 poisoned darts (quivered)
 f - 104 sling bullets
 l - 125 stones
 t - 2 boomerangs
Armour
 A - a +0 scale mail (worn)
Wands
 h - a wand of flame (13)
 w - a wand of enslavement (10)
Scrolls
 e - a scroll of fear {unknown}
 g - a scroll of amnesia {unknown}
 i - 3 scrolls of teleportation
 k - 3 scrolls of identify
 o - a scroll of blinking
 p - a scroll of remove curse
 r - 2 scrolls of enchant weapon {unknown}
 s - a scroll of magic mapping
 u - 2 scrolls of immolation {unknown}
Potions
 d - a potion of invisibility
 j - a potion of ambrosia {unknown}
 m - 2 potions of brilliance
 n - a potion of degeneration {unknown}
 q - a potion of haste
 v - 4 potions of curing
 z - a potion of lignification {unknown}
 B - a potion of heal wounds {unknown}
Comestibles
 c - 4 rations
 D - 5 chunks of flesh


   Skills:
 - Level 7.2 Fighting
 + Level 7.5 Maces & Flails
 - Level 7.6 Armour
 + Level 3.2 Dodging
 - Level 2.1 Stealth
 - Level 6.7 Evocations


You had 9 spell levels left.
You didn't know any spells.
Your spell library contained the following spells:

 Spells                   Type           Power        Failure   Level  Hunger
 Magic Dart               Conj           #...         69%         1    ##.....
 Blink                    Tloc           N/A          83%         2    ###....
 Call Imp                 Summ           #.......     83%         2    ###....
 Slow                     Hex            #.......     83%         2    ###....
 Conjure Flame            Conj/Fire      #.......     96%         3    ####...
 Mephitic Cloud           Conj/Pois/Air  #.......     96%         3    ####...


Dungeon Overview and Level Annotations

Branches:
Dungeon (7/15)             Temple (0/1) D:7

Altars:
Ashenzari
Gozag
Hepliaklqana
Ru
Vehumet

Shops:
D:2 *


Innate Abilities, Weirdness & Mutations

You are resistant to torment.
Your stone body is resilient. (AC +7)
You are immune to poison.
You resist negative energy. (rN+)
You are resistant to electric shocks. (rElec)
You can survive without breathing.
You are immune to petrification.
You are immune to rotting.


Message History

The two-headed ogre is severely wounded.
The two-headed ogre hits you with a +0 giant club!
The two-headed ogre closely misses you.
You puncture the two-headed ogre!
The two-headed ogre looks as sick as possible!
The two-headed ogre is almost dead.
The two-headed ogre hits you with a +0 giant club.
* * * LOW HITPOINT WARNING * * *
The two-headed ogre barely misses you.
You hit the two-headed ogre but do no damage.
The two-headed ogre looks as sick as possible!
The two-headed ogre is almost dead.
The two-headed ogre hits you with a +0 giant club!
* * * LOW HITPOINT WARNING * * *
The two-headed ogre hits you but does no damage.
You closely miss the two-headed ogre.
The two-headed ogre is almost dead.
The two-headed ogre barely misses you.
The two-headed ogre hits you with a +0 dire flail!
You die...

....##.#.#...#..
#........#.> #..
##......c.# . #..
###...####.##.#.#.#
####.+...+.....#...#..
##..#.#...#####.#.>.#.#
.....+...'...).#...#..
#.#..#...#####.#####..
#((.O@.......#).#.##)#
..(....#######.##.#.#...
....... #.#.#... .....$.
#...#... ##.....
##..#... #....# #..#...
#.... #..#... #....
##.#... #.....


You could see a two-headed ogre.

Vanquished Creatures
  Harold (D:7)
  Sigmund (D:5)
  Eustachio (D:5)
  Edmund (D:4)
  Duvessa (D:6)
  2 ice beasts (D:6)
  An orc warrior (D:6)
  3 sky beasts
  6 ogres
  3 centaurs
  Blork the orc (D:4)
  2 bullfrogs
  Dowan (D:6)
  A water moccasin skeleton (D:6)
  2 scorpions (D:5)
  A howler monkey (D:6)
  A crimson imp (D:5)
  A bullfrog zombie (D:6)
  4 hounds
  An orc wizard (D:7)
  An iguana (D:6)
  A worker ant (D:4)
  A hound zombie (D:6)
  A hound skeleton (D:7)
  2 howler monkey skeletons (D:4)
  5 adders
  An ooze (D:1)
  An adder zombie (D:5)
  4 worms
  A dart slug (D:5)
  3 leopard geckos
  3 orcs
  10 bats
  8 giant cockroaches
  5 goblins
  8 hobgoblins
  9 jackals
  5 kobolds
  2 quokkas
  A ball python (D:2)
  7 frilled lizards
  A leopard gecko skeleton (D:6)
  8 rats
123 creatures vanquished.

Notes
Turn   | Place    | Note
-------+----------+-------------------------------------------
     0 | D:1      | Golfball the Gargoyle Monk began the quest for the Orb.
     0 | D:1      | Reached XP level 1. HP: 14/14 MP: 1/1
    87 | D:1      | Reached XP level 2. HP: 13/19 MP: 2/2
   781 | D:1      | Reached XP level 3. HP: 23/24 MP: 3/3
  1672 | D:2      | Found Gozag's Platinum Reserve.
  1674 | D:2      | Found a hazy altar of Hepliaklqana.
  1675 | D:2      | Found an opulent altar of Gozag.
  1876 | D:2      | Reached XP level 4. HP: 22/30 MP: 4/4
  3002 | D:4      | Reached XP level 5. HP: 34/34 MP: 5/5
  3024 | D:4      | Reached skill level 5 in Fighting
  3156 | D:4      | Noticed Blork the orc
  3166 | D:4      | Killed Blork the orc
  3166 | D:4      | Reached skill level 5 in Maces & Flails
  3166 | D:4      | Reached XP level 6. HP: 33/40 MP: 6/6
  3469 | D:5      | Entered Level 5 of the Dungeon
  3488 | D:5      | Noticed a sky beast
  3771 | D:5      | Killed a sky beast
  3771 | D:5      | Reached XP level 7. HP: 42/47 MP: 7/7
  4397 | D:5      | Noticed Edmund
  4442 | D:4      | Killed Edmund
  4442 | D:4      | Reached skill level 1 in Evocations
  4442 | D:4      | Reached XP level 8. HP: 33/53 MP: 7/9
  4641 | D:5      | Reached skill level 1 in Armour
  4930 | D:5      | Found a radiant altar of Vehumet.
  4986 | D:5      | Noticed Eustachio
  4999 | D:5      | Killed Eustachio
  5109 | D:5      | Noticed Sigmund
  5126 | D:5      | Killed Sigmund
  5333 | D:6      | Noticed Duvessa
  5333 | D:6      | Noticed Dowan
  5343 | D:6      | Killed Duvessa
  5347 | D:6      | Killed Dowan
  5647 | D:6      | Reached XP level 9. HP: 57/57 MP: 12/12
  5660 | D:6      | Reached skill level 5 in Armour
  5669 | D:6      | Reached skill level 5 in Evocations
  5908 | D:6      | Found a shattered altar of Ashenzari.
  6303 | D:7      | Noticed Harold
  6322 | D:7      | Killed Harold
  6648 | D:7      | Found a sacrificial altar of Ru.
  6763 | D:7      | Found a staircase to the Ecumenical Temple.
  6778 | D:7      | Reached XP level 10. HP: 44/63 MP: 15/15
  6929 | D:7      | Noticed a two-headed ogre
  6941 | D:7      | Slain by a two-headed ogre

Levels and vault maps discovered:
D:1:      psy_arrival_radial01, layout_basic, minmay_misc_feat_nine_boxes,
          minivault_4, minmay_tetromino_o4
D:2:      layout_basic, nicolae_gozag_zags_fifth_avenue, lemuel_round_altar,
          corexii_leaking_fountain
D:3:      layout_basic
D:4:      layout_basic, first_ration, uniq_blork_the_orc
D:5:      layout_cave_pools, vehumet_altar_wand_db, uniq_edmund, uniq_sigmund,
          uniq_eustachio
D:6:      layout_loops_cross, cheibrodos_ashenzari_chains, uniq_duvessa
D:7:      layout_basic, led_sif_pool, minmay_temple_entry_from_below_a,
          nicolae_ru_great_annihilating_truth, uniq_harold

Skill      XL: |  1  2  3  4  5  6  7  8  9 10 |
---------------+-------------------------------+-----
Fighting       | 4 5 6 7 |  7.2
Maces & Flails | 4 5 7 |  7.5
Evocations     | 1 4 6 |  6.7
Armour         | 4 7 |  7.6
Dodging        | 3 |  3.2
Stealth        | |  2.1

Action                   |  1- 3 |  4- 6 |  7- 9 | 10-12 || total
-------------------------+-------+-------+-------+-------++-------
Melee: Mace              |   138 |    30 |       |       ||   168
       Flail             |       |    98 |   121 |       ||   219
       Dire flail        |       |       |   145 |    16 ||   161
Throw: Dart              |       |     4 |    11 |     4 ||    19
       Boomerang         |       |       |     4 |     1 ||     5
  Use: Scroll            |     1 |     1 |     7 |       ||     9
       Potion            |       |       |     2 |       ||     2
 Stab: Sleeping          |     2 |       |       |       ||     2
       Paralysed         |       |       |     1 |       ||     1
  Eat: Chunk             |     3 |     5 |     8 |       ||    16
       Ration            |       |     1 |       |       ||     1
Armor: Robe              |    20 |       |       |       ||    20
       Leather armour    |    20 |       |       |       ||    20
       Ring mail         |    26 |    64 |    83 |       ||   173
       Scale mail        |       |       |    63 |     4 ||    67
Dodge: Dodged            |    84 |    66 |   140 |    10 ||   300
